 Dungeon Crawl Stone Soup version 0.16.1-51-g6203257 (webtiles) character file.

55 Goblin1989 the Insei (level 3, -12/19 HPs)
             Began as a Vine Stalker Monk on July 13, 2015.
             Mangled by Crazy Yiuf
             ... wielding a +4 quarterstaff of chaos
              (19 damage)
             ... on level 2 of the Dungeon.
             The game lasted 00:05:23 (1216 turns).

Goblin1989 the Insei (Vine Stalker Monk)            Turns: 1216, Time: 00:05:23

Health: -12/19     AC:  2    Str: 13    XL:     3   Next: 93%
Magic:  0/4        EV: 13    Int: 11    God:
Gold:   43         SH:  0    Dex: 16    Spells: 0 memorised, 2 levels left

rFire  . . .     SeeInvis .       - Unarmed
rCold  . . .     Clarity  .     a - +0 robe
rNeg   . . .     SustAb   .     (no shield)
rPois  .         Gourm    .     (no helmet)
rElec  .         Spirit   +     (no cloak)
rCorr  .         Warding  .     (no gloves)
rMut   .         Stasis   .     (no boots)
MR     .....                    (no amulet)
Stlth  ++........               (no ring)
                                (no ring)

@: very slightly contaminated, hasted, very quick, not resistant to hostile
enchantments, unstealthy
A: fangs 2, regeneration 1, magic shield, antimagic bite, no device heal 3, rot
immunity
a: no special abilities


You were on level 2 of the Dungeon.
You were not hungry.

You visited 1 branch of the dungeon, and saw 2 of its levels.

You collected 43 gold pieces.

Inventory:

Armour
 a - a +0 robe (worn)
 g - a +3 leather armour of poison resistance
Scrolls
 c - 4 scrolls of teleportation {unknown}
 d - a scroll of immolation {unknown}
 f - 3 scrolls of identify {unknown}
Potions
 e - 2 potions of curing {unknown}
 h - a potion of brilliance {unknown}
Comestibles
 b - 3 bread rations


   Skills:
 - Level 2.6 Fighting
 - Level 2.4 Dodging
 - Level 2.4 Stealth
 + Level 5.4 Unarmed Combat


You had 2 spell levels left.
You didn't know any spells.

Dungeon Overview and Level Annotations

Branches:
Dungeon (2/15)

Altars:
Ashenzari
Cheibriados
The Shining One

Annotations:
D:2 Crazy Yiuf


Innate Abilities, Weirdness & Mutations

You have extremely sharp teeth.
Your natural rate of healing is unusually fast.
When hurt, damage is shared between your health and your magic reserves.
Your bite disrupts and absorbs the magic of your enemies.
Potions and wands cannot restore your health.
You are immune to rotting.


Message History

You start resting.
Magic restored.
You start resting.
HP restored.
Things that are here:
a hunting sling; 9 stones
There is an open door here.
f - 3 scrolls labeled ATYOFE GYEM (gained 1)
You open the door.
Crazy Yiuf the Enlightened comes into view.
He is wielding a quarterstaff of chaos.
Found a hammer.
Crazy Yiuf shouts!
Crazy Yiuf drinks a potion.
Crazy Yiuf flickers and vanishes!
Deactivating autopickup; reactivate with Ctrl-A.
There is an open door here.
You hit something. Something hits you!
You feel yourself speed up.
You are very lightly contaminated with residual magic.
Something hits you.
You are electrocuted!
Ouch! That really hurt!
You die...

###### #####
#####....# #..)#
####.....#### #...#
##.....####### #...#
#............# #'#
.........##### ##.#
.........# #.##
.........# ##.#
...<.....# #@##
.........# ##.##
.........## #...##
..........# #.#..#
..........### #....#
............## ##..##
..........#...###...#
#.......#.###.##...##
##.....##.# #......#


There were no monsters in sight!

Vanquished Creatures
  Terence (D:1)
  A giant gecko (D:2)
  An ooze (D:1)
  5 bats
  6 hobgoblins (D:1)
  7 jackals
  A ball python (D:1)
  3 giant newts
  6 goblins
  4 kobolds
  5 rats
40 creatures vanquished.

Notes
Turn   | Place    | Note
--------------------------------------------------------------
     0 | D:1      | Goblin1989, the Vine Stalker Monk, began the quest for the Orb.
     0 | D:1      | Reached XP level 1. HP: 11/11 MP: 1/1
   122 | D:1      | Reached XP level 2. HP: 16/16 MP: 3/3
   656 | D:1      | Reached XP level 3. HP: 19/19 MP: 4/4
   824 | D:2      | Reached skill level 5 in Unarmed Combat
   915 | D:2      | Noticed Terence
   986 | D:1      | Killed Terence
  1154 | D:2      | Found a glowing golden altar of the Shining One.
  1154 | D:2      | Found a shattered altar of Ashenzari.
  1154 | D:2      | Found a snail-covered altar of Cheibriados.
  1205 | D:2      | Noticed Crazy Yiuf
  1216 | D:2      | Mangled by Crazy Yiuf

Action                   || total
-------------------------++-------
Melee: Unarmed           ||   144
 Stab: Sleeping          ||     3
       Distracted        ||     1
  Eat: Chunk             ||     1
